 Dungeon Crawl Stone Soup version 0.27.0-1-g7a089689b8 (webtiles) character file.

Game seed: 13766449291237173444

390 tilp the Ducker (level 6, -5/38 HPs)
             Began as a Deep Elf Gladiator on Aug 3, 2021.
             Slain by a kobold brigand (6 damage)
             ... on level 4 of the Dungeon.
             The game lasted 00:12:26 (4809 turns).

tilp the Ducker (Deep Elf Gladiator)                Turns: 4809, Time: 00:12:27

Health: -5/38      AC:  4    Str:  8 (11) XL:     6   Next: 50%
Magic:  0/8        EV: 12    Int: 12 (15) God:
Gold:   152        SH:  0    Dex: 13 (16) Spells: 5/5 levels left

rFire    . . .     SeeInvis .   a - +0 quarterstaff
rCold    . . .     Faith    .   (shield currently unavailable)
rNeg     . . .     Spirit   +   b - +0 leather armour
rPois    .         Reflect  .   c - +0 helmet
rElec    .         Harm     .   (no cloak)
rCorr    .         Rampage  .   (no gloves)
Will     .....                  (no boots)
Stlth    ++........             l - amulet of guardian spirit
HPRegen  0.12/turn              (no ring)
MPRegen  0.11/turn              (no ring)

@: brilliant, flying
A: no striking features
a: no special abilities


You were on level 4 of the Dungeon.
You visited 1 branch of the dungeon, and saw 4 of its levels.

You collected 152 gold pieces.

Inventory:

Hand Weapons
 a - a +0 quarterstaff (weapon)
Armour
 b - a +0 leather armour (worn)
 c - a +0 helmet (worn)
Jewellery
 l - an amulet of guardian spirit (around neck)
 m - a +6 ring of intelligence
Wands
 k - a wand of polymorph (4)
Potions
 f - a potion of curing
 g - a potion of flight
 j - a potion of brilliance


   Skills:
 - Level 4.0 Fighting
 - Level 4.0 Staves
 - Level 2.0 Throwing
 - Level 4.0 Dodging
 - Level 2.0 Stealth
 + Level 3.8 Evocations


You had 5 spell levels left.
You didn't know any spells.
Your spell library was empty.

Dungeon Overview and Level Annotations

Branches:
Dungeon (4/15)
 Temple: D:4-7

Altars:

Shops:
D:2 :

Annotations:
D:3 3 runed translucent doors, fire vault, Jessica; PaladinM's ghost, amateur DrFi
D:4 Blork the orc


Message History

The kobold brigand is lightly wounded.
The kobold brigand barely misses you.
You hit the kobold brigand.
The kobold brigand is moderately wounded.
The kobold brigand hits you but does no damage.
You hit the kobold brigand but do no damage.
The kobold brigand is moderately wounded.
The kobold brigand hits you but does no damage.
You barely miss the kobold brigand.
The kobold brigand is moderately wounded.
The kobold brigand misses you.
The kobold brigand hits you with a +0 short sword.
You closely miss the kobold brigand.
The kobold brigand is moderately wounded.
The kobold brigand hits you with a +0 short sword.
You hit the kobold brigand.
The kobold brigand is heavily wounded.
The kobold brigand barely misses you.
You closely miss the kobold brigand.
The kobold brigand is heavily wounded.
The kobold brigand hits you with a +0 short sword.
You sock the kobold brigand!
The kobold brigand is severely wounded.
The kobold brigand hits you with a +0 short sword!
* * * LOW HITPOINT WARNING * * *
You barely miss the kobold brigand.
The kobold brigand is severely wounded.
The kobold brigand hits you with a +0 short sword.
* * * LOW HITPOINT WARNING * * *
Unknown command.
Okay, then.
You hit the kobold brigand.
The kobold brigand is almost dead.
The kobold brigand hits you with a +0 short sword!
* * * LOW HITPOINT WARNING * * *
The kobold throws a stone.
The stone barely misses you.
You closely miss the kobold brigand.
The kobold brigand is almost dead.
The kobold brigand hits you with a +0 short sword.
You die...

..... .......
###.# #.#..##
#.....## #.....##
# #####...†K.♣###
# .........♣).♣.#
#
........##...♣♣##
#
........##♣♣)K♣.#
# ######..##
#@♣).♣ # #...#
##♣..♣ ########
##..♣♣ #.........
.......# #..P♣
##..♣....§
######.# #..##
###...K.§
######.####..#
.P....
g............##
♣.....
####.........(#
.....
###.........#)##
#### ♣...


You could see a kobold brigand and a kobold.

Vanquished Creatures
  Menkaure (D:4)
  A necrophage (D:4)
  3 gnolls
  5 adders
  A worm (D:4)
  4 dart slugs
  An orc (D:3)
  10 ball pythons
  7 endoplasms
  5 giant cockroaches
  10 goblins
  8 hobgoblins
  3 jackals (D:2)
  19 kobolds
  5 quokkas
  8 bats
  2 frilled lizards
  5 rats
98 creatures vanquished.

Vanquished Creatures (others)
  2 fungi (D:3)
  35 plants
37 creatures vanquished.

Grand Total: 135 creatures vanquished

Notes
Turn   | Place    | Note
-------+----------+-------------------------------------------
     0 | D:1      | tilp the Deep Elf Gladiator began the quest for the Orb.
     0 | D:1      | Reached XP level 1. HP: 12/12 MP: 3/3
   366 | D:1      | Reached XP level 2. HP: 9/17 MP: 4/4
   594 | D:1      | You fall into a shaft and drop 1 floor!
   600 | D:2      | Reached skill level 1 in Stealth
   730 | D:2      | Reached XP level 3. HP: 21/21 MP: 5/5
  1531 | D:1      | Found a faded altar of an unknown god.
  1637 | D:2      | Found Yschorin's Book Shop.
  1648 | D:2      | Reached XP level 4. HP: 27/27 MP: 6/6
  2414 | D:3      | Found a runed translucent gate.
  2414 | D:3      | Found a runed translucent gate.
  2414 | D:3      | Found a runed translucent gate.
  2414 | D:3      | Noticed a kobold brigand
  2415 | D:3      | Noticed PaladinM's ghost (amateur DrFi)
  2517 | D:3      | You fall into a shaft and drop 1 floor!
  2976 | D:4      | Noticed a necrophage
  2994 | D:4      | Killed a necrophage
  2995 | D:4      | Reached XP level 5. HP: 10/32 MP: 7/7
  3261 | D:4      | Noticed Blork the orc
  3852 | D:3      | Reached skill level 1 in Evocations
  4236 | D:3      | Noticed Jessica
  4593 | D:4      | Noticed Menkaure
  4610 | D:4      | Killed Menkaure
  4611 | D:4      | Reached XP level 6. HP: 38/38 MP: 8/8
  4808 | D:4      | HP: 1/38 [kobold brigand (7)]
  4809 | D:4      | Slain by a kobold brigand

Illustrated notes

Levels and vault maps discovered:
D:1:      sevenhm_arrival_forest_fort_small_3, layout_loops_ring,
          hellmonk_ecumenical_altar_run_dry
D:2:      layout_loops_cross, serial_shops, shop
D:3:      layout_loops_ring, gammafunk_ghost_nasty_kobolds, lemuel_flame_loot_1,
          uniq_jessica
D:4:      kennysheep_kobold_camp, layout_basic, uniq_menkaure,
          uniq_blork_the_orc

Skill      XL: |  1  2  3  4  5 |
---------------+----------------+-----
Fighting       | 2 3 4 |  4.0
Stealth        | 1 2 |  2.0
Dodging        | 4 |  4.0
Staves         | 4 |  4.0
Evocations     | 3 |  3.8
Throwing       | |  2.0

Action                   |  1- 3 |  4- 6 || total
-------------------------+-------+-------++-------
Melee: Quarterstaff      |   116 |   177 ||   293
Throw: Throwing net      |       |     8 ||     8
Evoke: Wand              |       |     1 ||     1
  Use: Scroll            |     3 |     2 ||     5
       Potion            |       |     5 ||     5
 Stab: Sleeping          |     6 |     7 ||    13
Armor: Leather armour    |    33 |    28 ||    61
Dodge: Dodged            |    66 |    93 ||   159
